 Dungeon Crawl Stone Soup version 0.29-a0-676-ga64570c9d2 (webtiles) character file.

Game seed: 16988850608598482257

2948 sammy202020 the Skirmisher (level 9, 0/72 HPs)
             Began as a Demonspawn Berserker on June 24, 2022.
             Was a Priest of Trog.
             Slain by a yak (13 damage)
             ... on level 10 of the Dungeon.
             The game lasted 00:07:26 (7242 turns).

sammy202020 the Skirmisher (Demonspawn Berserker)   Turns: 7242, Time: 00:07:26

Health: 0/72       AC: 11    Str: 20    XL:     9   Next: 51%
Magic:  9/9        EV:  9    Int: 10    God:    Trog [***...]
Gold:   302        SH:  0    Dex: 13    Spells: 8/8 levels left

rFire   . . .      SeeInvis .   a - +0 hand axe
rCold   . . .      Faith    .   (no shield)
rNeg    . . .      Spirit   .   l - +0 chain mail
rPois   .          Reflect  .   c - +1 hat
rElec   .          Harm     .   h - +0 cloak
rCorr   .          Rampage  .   (no gloves)
Will    ++...                   (no boots)
Stlth   ..........              (no amulet)
HPRegen 1.22/turn               (no ring)
MPRegen 0.11/turn               (no ring)

@: strong-willed, on berserk cooldown, regenerating, slowed, very slow
A: hooves 1, powered by pain 2, weakness stinger 1, demonic touch 2
a: Renounce Religion, Berserk, Trog's Hand


You were on level 10 of the Dungeon.
You worshipped Trog.
Trog was most pleased with you.
You visited 1 branch of the dungeon, and saw 8 of its levels.

You collected 302 gold pieces.

Inventory:

Hand Weapons
 a - a +0 hand axe (weapon)
 m - a +0 mace
 p - a +0 flail
Missiles
 e - 7 boomerangs
 j - 5 javelins (quivered)
Armour
 c - a +1 hat (worn)
 h - a +0 cloak (worn)
 l - a +0 chain mail (worn)
Wands
 r - a wand of iceblast (8)
 x - a wand of flame (15)
Scrolls
 f - 5 scrolls of teleportation
 o - a scroll of noise
 v - a scroll of enchant armour
 w - a scroll of poison
 y - a scroll of identify
 z - a scroll of immolation {unknown}
 A - a scroll of magic mapping
Potions
 d - 2 potions of degeneration
 g - a potion of berserk rage
 i - 3 potions of lignification
 k - a potion of brilliance
 n - 3 potions of resistance
 q - 3 potions of curing
 s - a potion of haste {unknown}
 t - 2 potions of cancellation
 u - 3 potions of attraction {unknown}


   Skills:
 * Level 7.4 Fighting
 * Level 6.7 Axes
 + Level 4.6 Armour
 + Level 4.5 Dodging
 * Level 5.7 Unarmed Combat


You had 8 spell levels left.
You didn't know any spells.
Your spell library was empty.

Dungeon Overview and Level Annotations

Branches:
Dungeon (7/15)             Temple (0/1) D:7

Altars:

Shops:
D:1 *


Innate Abilities, Weirdness & Mutations

You have large cloven feet.
You sometimes gain power by taking damage.
You have a small tail.
Your touch may inflict irresistible damage on your foes.


Message History

You hit the kobold brigand. Your kick misses the kobold brigand.
The kobold brigand is heavily wounded.
You hit the yak.
You feel sick.
You completely miss the kobold brigand.
Your tail-slap misses the kobold brigand.
The kobold brigand is heavily wounded.
You hit the yak.
You are no longer berserk.
You are exhausted.
You feel yourself slow down.
You feel sick.
The kobold brigand hits you with a +0 dagger.
The yak gores you!
You miss the kobold brigand. You tail-slap the kobold brigand.
Your touch misses the kobold brigand. Your punch misses the kobold brigand.
The kobold brigand is heavily wounded.
You hit the yak but do no damage.
You feel sick.
The kobold brigand hits you with a +0 dagger!
* * * LOW HITPOINT WARNING * * *
The yak gores you but does no damage.
You feel much better.
You feel sick.
The kobold brigand hits you with a +0 dagger.
The yak gores you! x2
* * * LOW HITPOINT WARNING * * *
The kobold brigand hits you with a +0 dagger.
* * * LOW HITPOINT WARNING * * *
You hit the kobold brigand. You kick the kobold brigand.
You tail-slap the kobold brigand.
You touch the kobold brigand!
You kill the kobold brigand!
Trog accepts your kill.
You hit the yak but do no damage.
You feel sick. The yak gores you.
* * * LOW HITPOINT WARNING * * *
Your skin crawls.
You feel strong-willed.
You feel sick.
You are no longer poisoned.
The yak barely misses you. The yak gores you but does no damage.
You hit the yak.
The yak is heavily wounded.
The yak gores you!
You die...

### #.## ...# ...##
##..# ##..## ######
#....######....#######..
..............))@YY.....
..............))########
###...###########
#...####.# ##.......#
#.......# #.....###
#....## # ##....#


You could see 2 yaks.

Vanquished Creatures
  The ghost of zhov the Cleaver, a novice MiFi (D:6)
  A kobold demonologist (D:10)
  2 yaks (D:10)
  2 water moccasins
  An ice beast (D:6)
  A sky beast (D:7)
  2 black bears (D:5)
  A kobold brigand (D:10)
  2 bullfrogs
  3 scorpions
  5 killer bees (D:7)
  A jelly (D:7)
  4 hounds
  4 orc priests
  A gnoll shaman (D:7)
  3 iguanas
  5 orc wizards
  5 gnolls (D:7)
  11 adders
  A shadow imp (D:7)
  A white imp (D:5)
  2 ufetubi (D:5)
  2 worms
  3 dart slugs
  28 orcs
  7 endoplasms
  4 giant cockroaches
  4 goblins
  5 hobgoblins
  2 quokkas (D:4)
  7 ball pythons
  9 bats
  3 frilled lizards
  8 kobolds
  3 rats (D:1)
144 creatures vanquished.

Vanquished Creatures (others)
  A hound (D:7)
1 creature vanquished.

Grand Total: 145 creatures vanquished

Notes
Turn   | Place    | Note
-------+----------+-------------------------------------------
     0 | D:1      | sammy202020 the Demonspawn Berserker began the quest for
                  | the Orb.
     0 | D:1      | Reached XP level 1. HP: 18/18 MP: 1/1
   255 | D:1      | Discovered your monstrous ancestry.
   255 | D:1      | Gained mutation: You have large cloven feet. [demonic
                  | ancestry]
   255 | D:1      | Reached XP level 2. HP: 16/24 MP: 2/2
   719 | D:1      | Found Ibatwug's General Store.
   846 | D:2      | Gained mutation: Your touch may inflict minor irresistible
                  | damage on your foes. [demonic ancestry]
   846 | D:2      | Reached XP level 3. HP: 29/29 MP: 3/3
   971 | D:2      | Reached ** piety under Trog
  1315 | D:2      | Reached XP level 4. HP: 12/37 MP: 4/4
  1316 | D:2      | Reached skill level 1 in Unarmed Combat
  2042 | D:2      | Gained mutation: You sometimes gain a little power by
                  | taking damage. [demonic ancestry]
  2042 | D:2      | Reached XP level 5. HP: 36/42 MP: 5/5
  2176 | D:3      | Reached skill level 4 in Fighting
  3047 | D:4      | Gained mutation: Your touch may inflict irresistible damage
                  | on your foes. [demonic ancestry]
  3047 | D:4      | Reached XP level 6. HP: 38/49 MP: 6/6
  3509 | D:5      | Entered Level 5 of the Dungeon
  3548 | D:5      | Reached *** piety under Trog
  3668 | D:5      | Gained mutation: You sometimes gain power by taking damage.
                  | [demonic ancestry]
  3668 | D:5      | Reached XP level 7. HP: 55/55 MP: 7/7
  3734 | D:5      | Reached skill level 5 in Fighting
  4511 | D:6      | Reached skill level 5 in Axes
  4518 | D:6      | Gained mutation: You have a small tail. [demonic ancestry]
  4518 | D:6      | Reached XP level 8. HP: 50/64 MP: 8/8
  5001 | D:6      | Found a runed translucent gate.
  5001 | D:6      | Found a runed translucent gate.
  5001 | D:6      | Found a runed translucent gate.
  5005 | D:6      | Noticed zhov's ghost (novice MiFi)
  5024 | D:6      | Killed zhov's ghost
  5025 | D:6      | Reached skill level 6 in Fighting
  6238 | D:7      | Reached XP level 9. HP: 55/71 MP: 9/9
  6246 | D:7      | Reached skill level 5 in Unarmed Combat
  6267 | D:7      | HP: 3/71 [poisoned by a killer bee]
  6269 | D:7      | HP: 1/71 [poisoned by a killer bee]
  7020 | D:7      | Found a staircase to the Ecumenical Temple.
  7022 | D:7      | You fall into a shaft and drop 3 floors!
  7022 | D:10     | Entered Level 10 of the Dungeon
  7214 | D:10     | Noticed a kobold demonologist
  7217 | D:10     | Noticed a rust devil
  7224 | D:10     | Killed a kobold demonologist
  7225 | D:10     | Reached skill level 7 in Fighting
  7242 | D:10     | Slain by a yak

Illustrated notes

Levels and vault maps discovered:
D:1:      wander_arrival_estate, layout_loops_ring, serial_shops,
          nicolae_shop_trees
D:2:      layout_loops_corners
D:3:      layout_basic, st_stairs_4, kennysheep_generic_room_8
D:4:      layout_gridville, serial_co_window_serial, co_window_corner_a,
          co_window_corner_a, co_window_corner_a, co_window_corner_a,
          co_window_corner_a, co_window_corner_a, co_window_corner_a,
          co_window_of_opportunity_c, co_window_2corner, co_window_broadway_c,
          co_window_corner_cb, co_window_broadway_a, co_window_corner_b,
          co_window_corner_ca, co_window_4corner_b, co_window_paths_e,
          glass_columns_a, glass_columns_c, supply_closet_lemuel
D:5:      layout_rooms, chequers_arboretum
D:6:      layout_basic, ebering_ghost_rock_garden, kennysheep_boxes
D:7:      layout_rooms, lemuel_temple_firewalk_b
D:10:     layout_layer_cave, nicolae_overflow_hallway_of_the_gods,
          kennysheep_generic_room_14

Skill      XL: |  1  2  3  4  5  6  7  8  9 |
---------------+----------------------------+-----
Axes           | 3 4 5 6 |  6.7
Armour         | 2 3 4 |  4.6
Dodging        | 2 3 4 |  4.5
Unarmed Combat | 1 2 3 4 5 |  5.7
Fighting       | 4 5 6 7 |  7.4

Action                   |  1- 3 |  4- 6 |  7- 9 || total
-------------------------+-------+-------+-------++-------
Melee: Hand axe          |    81 |   128 |   192 ||   401
       Punch             |     1 |     4 |     3 ||     8
       Kick              |    11 |    31 |    59 ||   101
       Touch             |     4 |    22 |    31 ||    57
       Tailslap          |       |       |    20 ||    20
Invok: Berserk           |     1 |       |     5 ||     6
       Trog's Hand       |       |       |     2 ||     2
  Use: Scroll            |     4 |     7 |     5 ||    16
       Potion            |       |       |     1 ||     1
Armor: Animal skin       |     8 |       |       ||     8
       Scale mail        |    26 |     8 |       ||    34
       Ring mail         |     3 |       |       ||     3
       Chain mail        |       |    65 |   116 ||   181
Dodge: Dodged            |    47 |    54 |   104 ||   205

Table legend: (Time is in decaauts)
 A = Elapsed time spent in this place.
 B = Non-inter-level travel time spent in this place.
 C = Inter-level travel time spent in this place.
 D = Time resting spent in this place.
 E = Time spent auto-exploring this place.
 F = Levels seen in this place.
 G = Mean time per level.
                   A        B        C        D        E       F      G
               +--------+--------+--------+--------+--------+-----+--------+
         Total |   7319 |   7260 |     59 |   1210 |   4996 |   8 |  914.9 |
       Dungeon |   7319 |   7260 |     59 |   1210 |   4996 |   8 |  914.9 |
               +--------+--------+--------+--------+--------+-----+--------+

Top non-repeatable levels by time:
     D:6: 1410 daAuts
     D:2: 1316 daAuts
     D:7: 1141 daAuts
     D:5: 1010 daAuts
     D:1: 848 daAuts
     D:4: 829 daAuts
     D:3: 545 daAuts
    D:10: 215 daAuts
